 Dungeon Crawl Stone Soup version 0.24.0-13-gcf9b319 (webtiles) character file.

Game seed: 11313619065256580844, levelgen mode: deterministic

985 Dharzhak the Chopper (level 7, 0/63 HPs)
             Began as a Minotaur Abyssal Knight on Dec 24, 2019.
             Was an Elder of Lugonu.
             Slain by Pikel
             ... wielding a +2 whip of electrocution
              (17 damage)
             ... on level 6 of the Dungeon.
             The game lasted 00:12:22 (5333 turns).

Dharzhak the Chopper (Minotaur Abyssal Knight)      Turns: 5333, Time: 00:12:24

Health: 0/63       AC: 24    Str: 20    XL:     7   Next: 97%
Magic:  8/8        EV:  7    Int:  9    God:    Lugonu [****..]
Gold:   206        SH:  0    Dex: 10    Spells: 6/6 levels left

rFire    . . .     SeeInvis +   y - +2 hand axe (venom)
rCold    + . .     Gourm    .   (no shield)
rNeg     . . .     Faith    .   t - +10 plate armour "Lexzaras" {Str+2 SInv}
rPois    .         Spirit   .   (helmet restricted)
rElec    .         Reflect  .   k - +1 cloak
rCorr    .         Harm     .   (no gloves)
MR       .....                  (no boots)
Stlth    ..........             (no amulet)
HPRegen  0.20/turn              b - ring of protection from cold
MPRegen  0.11/turn              o - ring of stealth

@: no status effects
A: retaliatory headbutt, horns 2
a: Depart the Abyss, Bend Space, Banish, Corrupt, Renounce Religion


You were on level 6 of the Dungeon.
You worshipped Lugonu.
Lugonu was greatly pleased with you.
You were not hungry.

You visited 1 branch of the dungeon, and saw 6 of its levels.
You visited the Abyss 1 time.

You collected 206 gold pieces.

Inventory:

Hand Weapons
 a - a +1 hand axe
 j - a +0 war axe
 y - a +2 hand axe of venom (weapon)
Missiles
 r - 4 boomerangs (quivered)
 v - 42 poisoned darts
Armour
 k - a +1 cloak (worn)
 t - the +10 plate armour "Lexzaras" (worn) {Str+2 SInv}
   (You found it on level 5 of the Dungeon)

   It affects your strength (+2).
   It lets you see invisible.
Jewellery
 b - a ring of protection from cold (left hand)
 o - a ring of stealth (right hand)
Wands
 e - a wand of acid (9)
Scrolls
 d - 6 scrolls of remove curse
 g - 5 scrolls of teleportation
 l - 2 scrolls of enchant armour
Potions
 f - 2 potions of heal wounds
 h - 4 potions of haste
 i - 3 potions of flight
 m - 3 potions of curing {unknown}
 n - a potion of brilliance {unknown}
 p - a potion of might {unknown}
 s - a potion of mutation {unknown}
 u - a potion of magic {unknown}
 w - 2 potions of ambrosia {unknown}
 A - a potion of degeneration {unknown}
Comestibles
 c - 10 rations
 q - a chunk of flesh


   Skills:
 * Level 6.2 Fighting
 * Level 7.2 Axes
 * Level 5.4 Armour
 * Level 3.1 Dodging
 + Level 0.3 Stealth
 * Level 3.2 Invocations


You had 6 spell levels left.
You didn't know any spells.
Your spell library contained the following spells:

 Spells                   Type           Power        Failure   Level  Hunger
 Sting                    Conj/Pois      #...         100%        1    ##.....
 Poisonous Vapours        Pois/Air       #.....       100%        2    ###....
 Mephitic Cloud           Conj/Pois/Air  #.......     100%        3    ####...
 Olgreb's Toxic Radiance  Pois           #.......     100%        4    #####..
 Venom Bolt               Conj/Pois      #.........   100%        5    ######.


Dungeon Overview and Level Annotations

Branches:
Dungeon (6/15)
 Temple: D:4-7

Altars:
Kikubaaqudgha
Qazlal
Vehumet
Xom
The Shining One

Annotations:
D:6 Pikel


Innate Abilities, Weirdness & Mutations

You reflexively headbutt those who attack you in melee.
You have a pair of horns on your head.


Message History

Pikel is lightly wounded.
You hit Prince Ribbit.
You kill Prince Ribbit!
Lugonu accepts your kill.
Your Axes skill increases to level 7!
Your Dodging skill increases to level 3!
Pikel hits you with a +2 whip of electrocution.
You are electrocuted!
You closely miss Pikel.
Pikel is lightly wounded.
A slave comes into view.
Pikel hits you but does no damage.
Unknown command.
You closely miss Pikel.
Pikel is lightly wounded.
The slave shouts!
Pikel hits you with a +2 whip of electrocution.
* * * LOW HITPOINT WARNING * * *
You are electrocuted!
You die...

.... #....## #
#.....# .#
#..#..##.#
#..#.....
..#.#######..#...#
....ppK@..>..#...#
..#.####.#.#<#...#
#.#.......#
####.#...#.#.#
#..........#.#
#.##.....###.#
#............#
#....#.#.#######
#........รท...#


You could see Pikel and 2 slaves.

Vanquished Creatures
  Prince Ribbit (D:6)
  An ice beast (D:5)
  A phantom (D:4)
  An ogre (D:4)
  2 slaves (D:6)
  A howler monkey (D:6)
  2 jellies (D:5)
  3 worker ants
  3 hound skeletons
  7 gnolls
  11 adders
  A shadow imp (D:6)
  An ooze (D:3)
  2 adder zombies (D:5)
  5 worms
  2 dart slugs
  5 leopard geckos
  8 orcs
  5 giant cockroaches
  10 goblins
  13 hobgoblins
  7 jackals
  6 kobolds
  2 quokkas
  13 bats
  2 frilled lizards
  A quokka skeleton (D:4)
  10 rats
126 creatures vanquished.

Notes
Turn   | Place    | Note
-------+----------+-------------------------------------------
     0 | Abyss:1  | Dharzhak the Minotaur Abyssal Knight began the quest for
                  | the Orb.
     0 | Abyss:1  | Reached XP level 1. HP: 19/19 MP: 1/1
     1 | Abyss:1  | Found a corrupted altar of Lugonu.
    36 | D:1      | Escaped the Abyss
   109 | D:1      | Reached XP level 2. HP: 23/27 MP: 2/2
   284 | D:1      | Reached ** piety under Lugonu
   516 | D:1      | Reached XP level 3. HP: 19/34 MP: 3/3
  1114 | D:1      | Found a glowing golden altar of the Shining One.
  1423 | D:2      | Reached skill level 3 in Axes
  1423 | D:2      | Reached XP level 4. HP: 27/41 MP: 4/4
  1602 | D:2      | Found a shimmering altar of Xom.
  1781 | D:2      | Reached skill level 5 in Fighting
  1943 | D:2      | Found an ancient bone altar of Kikubaaqudgha.
  2069 | D:2      | Found a stormy altar of Qazlal.
  2157 | D:2      | Reached skill level 4 in Axes
  2157 | D:2      | Reached XP level 5. HP: 48/48 MP: 5/5
  2331 | D:2      | Found a faded altar of an unknown god.
  2436 | D:3      | Reached *** piety under Lugonu
  3529 | D:3      | Reached XP level 6. HP: 40/56 MP: 6/6
  3806 | D:4      | Reached skill level 5 in Axes
  3880 | D:4      | Reached **** piety under Lugonu
  4169 | D:4      | Reached XP level 7. HP: 48/61 MP: 6/8
  4599 | D:5      | Entered Level 5 of the Dungeon
  4614 | D:5      | Reached skill level 6 in Axes
  4799 | D:5      | Reached skill level 5 in Armour
  4803 | D:5      | Got a pitted plate armour
  4866 | D:5      | Identified the +10 plate armour "Lexzaras" {Str+2 SInv}
                  | (You found it on level 5 of the Dungeon)
  4986 | D:5      | Found a radiant altar of Vehumet.
  5308 | D:6      | Noticed Prince Ribbit
  5322 | D:6      | Noticed Pikel
  5331 | D:6      | Killed Prince Ribbit
  5331 | D:6      | Reached skill level 7 in Axes
  5333 | D:6      | Slain by Pikel

Levels and vault maps discovered:
D:1:      nicolae_arrival_washed_ashore, layout_basic, tso_altar
D:2:      layout_basic, marbit_many_paths, nicolae_overflow_crystal_walls,
          lemuel_coloured_pillars_altar, chequers_ecumenical_altar_simple,
          kennysheep_generic_room_9
D:3:      layout_loops_ring, minmay_close_crescents
D:4:      layout_loops_cross, first_ration
D:5:      layout_basic, old_standard_altar
D:6:      layout_basic, kennysheep_mini, minmay_temple_entry_slanted,
          uniq_pikel, uniq_prince_ribbit1

Skill      XL: |  1  2  3  4  5  6  7 |
---------------+----------------------+-----
Fighting       | 4 5 6 |  6.2
Armour         | 3 4 5 |  5.4
Axes           | 3 4 5 7 |  7.2
Dodging        | 2 3 |  3.1
Invocations    | 2 3 |  3.2
Stealth        | |  0.3

Action                   |  1- 3 |  4- 6 |  7- 9 || total
-------------------------+-------+-------+-------++-------
Melee: Hand axe          |    68 |   181 |    67 ||   316
       Headbutt          |     8 |    23 |     7 ||    38
Throw: Boomerang         |       |       |     1 ||     1
  Use: Scroll            |       |    11 |     1 ||    12
 Stab: Sleeping          |       |     1 |       ||     1
  Eat: Chunk             |     2 |     8 |     1 ||    11
       Ration            |       |       |     1 ||     1
Armor: Leather armour    |    28 |     4 |       ||    32
       Chain mail        |       |   103 |    13 ||   116
       Plate armour      |       |       |    32 ||    32
Dodge: Dodged            |    70 |    72 |    16 ||   158
